 Dungeon Crawl Stone Soup version 0.29.1-4-g47bece8355 (webtiles) character file.

Game seed: 6543631343049598683

13857 KittyFluff the Basher (level 12, -6/72 HPs)
             Began as a Gargoyle Berserker on Dec 1, 2022.
             Was a High Priest of Trog.
             Mangled by an orc warlord
             ... wielding a +1 long sword of holy wrath
              (19 damage)
             ... on level 9 of the Dungeon.
             The game lasted 01:12:58 (16144 turns).

KittyFluff the Basher (Gargoyle Berserker)         Turns: 16144, Time: 01:12:58

Health: -6/72      AC: 22    Str: 24    XL:     12   Next: 10%
Magic:  0/12       EV: 19    Int:  8    God:    Trog [*****.]
Gold:   397        SH:  8    Dex: 17    Spells: 11/11 levels left

rFire   . . .      SeeInvis .   Q - +4 mace (freeze)
rCold   . . .      Faith    .   e - +1 buckler
rNeg    + . .      Spirit   +   j - +0 steam dragon scales
rPois   ∞          Reflect  .   p - +1 helmet
rElec   +          Harm     .   r - +2 cloak
rCorr   .          Rampage  .   n - +0 pair of gloves
Will    .....                   (no boots)
Stlth   +++.......              X - amulet of guardian spirit
HPRegen 0.22/turn               l - +4 ring of evasion
MPRegen 0.13/turn               D - +6 ring of dexterity

@: on berserk cooldown, slowed, very slow
A: sickness immunity, AC +8, negative energy resistance 1, electricity
resistance, torment resistance 1, petrification resistance
a: Renounce Religion, Berserk, Trog's Hand, Brothers in Arms


You were on level 9 of the Dungeon.
You worshipped Trog.
Trog was extremely pleased with you.
You visited 2 branches of the dungeon, and saw 12 of its levels.

You collected 631 gold pieces.
You spent 234 gold pieces at shops.

Inventory:

Hand Weapons
 q - a +2 quarterstaff of chaos
 O - a +2 scimitar of flaming
 Q - a +4 mace of freezing (weapon)
 R - a +2 flail of protection
 T - a +0 morningstar of protection
 W - a +0 sling
Missiles
 d - 17 poisoned darts
 g - 83 stones (quivered)
 F - 3 boomerangs
 S - 2 curare-tipped darts
 U - 3 javelins
Armour
 e - a +1 buckler (worn)
 j - +0 steam dragon scales (worn)
 k - a +0 tower shield
 n - a +0 pair of gloves (worn)
 p - a +1 helmet (worn)
 r - a +2 cloak (worn)
 z - a +1 robe of positive energy
 H - a +2 ring mail of cold resistance
 P - a +0 troll leather armour
Jewellery
 l - a +4 ring of evasion (left hand)
 s - a ring of protection from fire
 v - a ring of magical power
 D - a +6 ring of dexterity (right hand)
 E - a ring of magical power
 N - a ring of see invisible
 X - an amulet of guardian spirit (around neck)
Wands
 G - a wand of mindburst (6)
 K - a wand of flame (7)
Scrolls
 c - 3 scrolls of fear {unknown}
 f - 2 scrolls of enchant armour
 m - 2 scrolls of poison
 t - a scroll of immolation
 u - 5 scrolls of teleportation {unknown}
 w - 3 scrolls of amnesia {unknown}
 y - 6 scrolls of fog {unknown}
 A - 4 scrolls of noise {unknown}
 L - a scroll of acquirement {unknown}
 V - 2 scrolls of vulnerability {unknown}
Potions
 b - 4 potions of heal wounds
 h - a potion of cancellation
 i - 2 potions of flight
 o - 3 potions of attraction
 x - a potion of invisibility
 B - a potion of might
 C - a potion of magic
 I - 2 potions of ambrosia
 J - a potion of lignification
 M - 5 potions of curing


   Skills:
 + Level 7.4 Fighting
 * Level 12.0 Maces & Flails
 * Level 3.3 Throwing
 + Level 7.8 Armour
 + Level 6.0 Dodging
 + Level 4.0 Stealth
 * Level 9.6 Shields


You had 11 spell levels left.
You didn't know any spells.
Your spell library contained the following spells:

 Spells                   Type           Power      Damage    Failure   Level
 Ensorcelled Hibernation  Hex/Ice        0%         N/A       63%         2
 Passwall                 Tmut/Erth      0%         N/A       63%         2
 Swiftness                Air            0%         N/A       85%         3


Dungeon Overview and Level Annotations

Branches:
Dungeon (11/15)            Temple (0/1) D:5            Lair (0/5) D:9
    Orc (1/2) D:9

Altars:
Ashenzari
Cheibriados
Dithmenos
Elyvilon
Fedhas
Gozag
Makhleb
Nemelex Xobeh
Qazlal
Sif Muna
Trog
Wu Jian
Zin

Shops:
D:3 [   D:6 ![   D:8 *

Annotations:
D:6 exclusion: oklob plant
D:10 2 transporters, Theotherone's ghost, novice MiBe


Innate Abilities, Weirdness & Mutations

You are immune to sickness and miasma.
Your stone body is resilient. (AC +8)
You are immune to poison.
You resist negative energy. (rN+)
You are resistant to electric shocks. (rElec)
You are resistant to unholy torment.
You are immune to petrification.


Message History

The orc warlord hits you with a +1 long sword of holy wrath!!
You hit the orc warlord. You freeze the orc warlord.
The orc warlord is moderately wounded.
You thump the orc warlord! You freeze the orc warlord.
The orc warlord is heavily wounded.
The orc warlord hits you with a +1 long sword of holy wrath!
You sock the orc warlord! You freeze the orc warlord.
The orc warlord is severely wounded.
You barely miss the orc warlord.
The orc warlord is severely wounded.
The orc warlord hits you with a +1 long sword of holy wrath!!
* * * LOW HITPOINT WARNING * * *
You closely miss the orc warlord.
The orc warlord is severely wounded.
You sock the orc warlord! You freeze the orc warlord.
The orc warlord is severely wounded.
The orc warlord hits you but does no damage.
You closely miss the orc warlord.
The orc warlord is severely wounded.
You hit the orc warlord. You freeze the orc warlord.
The orc warlord is severely wounded.
The orc warlord closely misses you.
You hit the orc warlord. You freeze the orc warlord.
The orc warlord is almost dead.
You barely miss the orc warlord.
The orc warlord is almost dead.
The orc warlord hits you but does no damage.
You barely miss the orc warlord.
The orc warlord is almost dead.
You are no longer berserk.
You are exhausted.
You feel yourself slow down.
You closely miss the orc warlord.
The orc warlord is almost dead.
The orc warlord misses you.
The orc warlord hits you but does no damage.
You hit the orc warlord but do no damage.
The orc warlord is almost dead.
The orc warlord hits you with a +1 long sword of holy wrath!!
You die...

##############
#...)........#
#............#
#............# ######
#............# #.....
#............####.....
#....o).......))'...).
#...[@[......####.....
#...[))......# ####'#
#............# #..#
######.####### #.##
#.[># #.# #####[###
#.# #.......### #.#
#.......'.# ####'##
#.......#..##......


You could see an orc warlord.

Vanquished Creatures
  4 two-headed ogres
  Erica (D:7)
  Pikel (D:7)
  The ghost of hawla the Magician, a novice GnWn (D:7)
  An orc sorcerer (D:9)
  A cyclops (D:9)
  2 gargoyles (D:10)
  A kobold demonologist (D:9)
  3 trolls
  Grinder (D:5)
  A hornet (D:9)
  Sigmund (D:5)
  12 yaks
  2 shadows (D:10)
  2 wyverns
  2 steam dragons
  2 vampire mosquitoes (D:11)
  3 wargs
  The ghost of LustLizard the Insei, an amateur OpTm (D:3)
  Menkaure (D:7)
  A water moccasin (D:7)
  A sky beast (D:6)
  6 orc warriors
  An ogre (D:5)
  A black bear (D:6)
  3 centaurs
  4 kobold brigands
  A phantom (D:6)
  A bullfrog (D:7)
  A gnoll sergeant (D:10)
  3 scorpions
  A necrophage (D:5)
  9 wights
  A killer bee (D:8)
  3 howler monkeys (D:8)
  2 gnoll boudas
  Crazy Yiuf (D:2)
  4 jellies
  9 orc priests
  6 hounds
  3 iguanas
  Ijyb (D:5)
  5 orc wizards
  Robin (D:2)
  17 gnolls
  6 adders
  A white imp (D:7)
  3 ufetubi
  2 dart slugs (D:1)
  6 worms
  47 orcs
  5 bats
  7 endoplasms
  A giant cockroach (D:2)
  14 goblins
  12 hobgoblins
  8 jackals
  6 quokkas
  8 ball pythons
  6 frilled lizards
  20 kobolds
  9 rats
  A bush (D:8)
291 creatures vanquished.

Vanquished Creatures (others)
  An orc warrior (D:9)
  16 plants (D:10)
  2 withered plants (D:7)
19 creatures vanquished.

Grand Total: 310 creatures vanquished

Notes
Turn   | Place    | Note
-------+----------+-------------------------------------------
     0 | D:1      | KittyFluff the Gargoyle Berserker began the quest for the
                  | Orb.
     0 | D:1      | Reached XP level 1. HP: 14/14 MP: 1/1
   241 | D:1      | Reached XP level 2. HP: 16/19 MP: 2/2
   945 | D:1      | Reached XP level 3. HP: 13/23 MP: 3/3
  1057 | D:2      | Noticed Robin
  1107 | D:1      | Reached ** piety under Trog
  1197 | D:1      | Reached skill level 1 in Shields
  1393 | D:2      | Killed Robin
  1460 | D:2      | Reached XP level 4. HP: 25/28 MP: 4/4
  1545 | D:2      | Found a runed translucent door.
  1546 | D:2      | Noticed Crazy Yiuf
  1553 | D:2      | Killed Crazy Yiuf
  1554 | D:2      | Reached skill level 4 in Maces & Flails
  1683 | D:2      | Found an opulent altar of Gozag.
  1796 | D:2      | Found a faded altar of an unknown god.
  1983 | D:2      | Reached XP level 5. HP: 33/33 MP: 5/5
  2229 | D:3      | Found Oronyvum's Antique Armour Boutique.
  2240 | D:3      | Reached *** piety under Trog
  2266 | D:3      | Noticed LustLizard's ghost (amateur OpTm)
  2417 | D:3      | Found a runed translucent gate.
  2417 | D:3      | Found a runed translucent gate.
  2420 | D:3      | Found a runed translucent gate.
  2511 | D:3      | Found a glowing silver altar of Zin.
  2613 | D:3      | Reached XP level 6. HP: 33/38 MP: 6/6
  3228 | D:3      | Killed LustLizard's ghost
  3229 | D:3      | Reached skill level 1 in Stealth
  3705 | D:4      | Reached skill level 5 in Maces & Flails
  3749 | D:4      | Found an ornate altar of the Wu Jian Council.
  3797 | D:4      | Reached XP level 7. HP: 18/42 MP: 7/7
  4056 | D:4      | Reached **** piety under Trog
  4283 | D:5      | Entered Level 5 of the Dungeon
  4308 | D:5      | Noticed Sigmund
  4342 | D:5      | Found a shimmering blue altar of Sif Muna.
  4342 | D:5      | Found a sparkling altar of Nemelex Xobeh.
  4935 | D:5      | Noticed Grinder
  4948 | D:5      | Killed Grinder
  4949 | D:5      | Reached XP level 8. HP: 43/48 MP: 8/8
  5023 | D:5      | Found a snail-covered altar of Cheibriados.
  5458 | D:5      | Noticed Ijyb
  5472 | D:5      | Killed Ijyb
  5686 | D:5      | Found a staircase to the Ecumenical Temple.
  5779 | D:5      | Killed Sigmund
  5780 | D:5      | Reached skill level 6 in Maces & Flails
  5780 | D:5      | Reached skill level 5 in Armour
  6049 | D:6      | Reached skill level 5 in Shields
  6223 | D:6      | Found Voevucy's Antique Armour Shoppe.
  6325 | D:6      | Found Lorgh's Distillery.
  6406 | D:6      | Found a blossoming altar of Fedhas.
  6417 | D:6      | Noticed an oklob plant
  6918 | D:6      | Reached skill level 7 in Maces & Flails
  6918 | D:6      | Reached XP level 9. HP: 50/53 MP: 9/9
  7513 | D:3      | Bought a distressingly furry ring mail for 234 gold pieces
  7513 | D:3      | Identified the +0 ring mail "Pixuc" {rPois} (You bought it
                  | in a shop on level 3 of the Dungeon)
  7635 | D:7      | Found a shadowy altar of Dithmenos.
  7810 | D:7      | Reached skill level 5 in Fighting
  7991 | D:7      | Found a runed translucent door.
  7991 | D:7      | Noticed hawla's ghost (novice GnWn)
  8242 | D:7      | Noticed Menkaure
  8265 | D:7      | Killed Menkaure
  9673 | D:7      | Killed hawla's ghost
  9674 | D:7      | Reached skill level 8 in Maces & Flails
  9754 | D:8      | Noticed Pikel
  9770 | D:7      | Killed Pikel
  9771 | D:7      | Reached XP level 10. HP: 54/60 MP: 10/10
 10022 | D:8      | Noticed Erica
 10043 | D:7      | Killed Erica
 10044 | D:7      | Reached skill level 9 in Maces & Flails
 11060 | D:8      | Found Kasaympa's Assorted Antiques.
 11084 | D:8      | Reached skill level 10 in Maces & Flails
 11691 | D:8      | Found a white marble altar of Elyvilon.
 11981 | D:9      | Reached XP level 11. HP: 42/66 MP: 11/11
 12194 | D:9      | Reached skill level 5 in Dodging
 12262 | D:9      | Reached ***** piety under Trog
 12267 | D:9      | Found a broken altar of Ashenzari.
 12311 | D:9      | Noticed a two-headed ogre
 12320 | D:9      | Killed a two-headed ogre
 12444 | D:9      | Noticed a cyclops
 12451 | D:9      | Killed a cyclops
 12648 | D:8      | Reached skill level 11 in Maces & Flails
 12648 | D:8      | Reached skill level 1 in Throwing
 12936 | D:9      | Noticed a two-headed ogre
 12941 | D:9      | Found a staircase to the Lair.
 12949 | D:9      | Killed a two-headed ogre
 13687 | D:9      | Found a staircase to the Orcish Mines.
 13748 | D:10     | Entered Level 10 of the Dungeon
 13815 | D:10     | Noticed a two-headed ogre
 13825 | D:10     | Killed a two-headed ogre
 13921 | D:10     | Noticed a two-headed ogre
 13945 | D:10     | Killed a two-headed ogre
 14201 | D:10     | Noticed a moth of wrath
 14202 | D:10     | Noticed a two-headed ogre
 14202 | D:10     | Noticed a two-headed ogre
 14203 | D:10     | Noticed Theotherone's ghost (novice MiBe)
 14209 | D:10     | Found a transporter.
 14228 | D:10     | Noticed a tengu warrior
 14250 | D:10     | Found a transporter.
 14258 | D:10     | Found a bloodstained altar of Trog.
 14315 | D:10     | You fall into a shaft and drop 1 floor!
 14835 | D:10     | Found a stormy altar of Qazlal.
 14983 | D:10     | Found a burning altar of Makhleb.
 15457 | Orc:1    | Entered Level 1 of the Orcish Mines
 15466 | Orc:1    | Noticed an orc high priest
 15477 | D:9      | Reached XP level 12. HP: 47/72 MP: 6/12
 15877 | Orc:1    | Noticed an orc warlord
 15878 | Orc:1    | Reached skill level 12 in Maces & Flails
 15888 | D:9      | Received a gift from Trog
 16012 | Orc:1    | Noticed a sun demon
 16144 | D:9      | Mangled by an orc warlord

Illustrated notes

Levels and vault maps discovered:
D:1:      reono_arrival_mine, layout_loops_ring
D:2:      layout_loops_ring, hellmonk_ecumenical_altar_blasted, basic_altar,
          uniq_crazy_yiuf_cottage, uniq_robin
D:3:      layout_loops_ring, zin_statuary, gammafunk_ghost_split, serial_shops,
          shop
D:4:      layout_basic, kennysheep_little_box
D:5:      layout_loops_ring, slow_altar_1,
          chequers_temple_overflow_statue_of_worship, minmay_temple_entry_ruins,
          uniq_grinder, uniq_ijyb, uniq_sigmund
D:6:      layout_loops_corners, tgw_fedhas, serial_shops,
          nicolae_shop_hallway_stairs, kennysheep_mini, palyth_stone_intersect
D:7:      layout_basic, mainiacjoe_overflow_alcove_1, gammafunk_ghost_grave,
          uniq_menkaure
D:8:      layout_basic, nicolae_elyvilon_peaceful_grove,
          kb_lookout_dungeons_type, kennysheep_windowed_goal, uniq_erica,
          uniq_pikel
D:9:      layout_roguey [special_room_orc], evilmike_ruin_ashenzari,
          lair_entry_dummy
D:10:     layout_basic, makhleb_altar_promises_db, mainiacjoe_overflow_chevrons,
          gammafunk_ghost_wrathful_warriors, minmay_misc_feat_enclosed
D:11:     layout_basic, minmay_guarded_unrand_vampires_tooth
Orc:1:    cheibrodos_orc_guarddog, layout_caves

Skill      XL: |  1  2  3  4  5  6  7  8  9 10 11 12 |
---------------+-------------------------------------+-----
Shields        | 1 2 3 5 6 8 9 |  9.6
Maces & Flails | 4 5 7 8 10 11 12 | 12.0
Dodging        | 2 3 4 5 6 |  6.0
Armour         | 3 4 5 6 7 |  7.8
Stealth        | 1 2 3 4 |  4.0
Fighting       | 4 5 6 7 |  7.4
Throwing       | 3 |  3.3

Action                   |  1- 3 |  4- 6 |  7- 9 | 10-12 || total
-------------------------+-------+-------+-------+-------++-------
Melee: Mace              |    99 |   289 |   428 |   536 ||  1352
       Whip              |       |       |       |    68 ||    68
Throw: Stone             |     2 |     3 |     6 |    31 ||    42
Invok: Berserk           |       |     2 |     8 |    10 ||    20
Evoke: Wand              |       |       |       |     1 ||     1
  Use: Scroll            |     1 |       |    10 |     2 ||    13
 Stab: Sleeping          |       |     2 |     2 |     1 ||     5
       Distracted        |       |     1 |       |       ||     1
Armor: Animal skin       |    14 |       |       |       ||    14
       Robe              |    29 |    81 |       |       ||   110
       Leather armour    |       |    18 |   107 |       ||   125
       Steam dragon scal |       |       |    12 |   127 ||   139
Dodge: Dodged            |    86 |   224 |   296 |   367 ||   973
Block: Buckler           |    31 |    70 |   125 |   201 ||   427
